 Dungeon Crawl Stone Soup version 0.21-a0-442-g848f44b (webtiles) character file.

9 arthad the Grasshopper (level 2, 0/26 HPs)
             Began as a Naga Warper on Nov 14, 2017.
             Slain by an adder (2 damage)
             ... on level 1 of the Dungeon.
             The game lasted 00:02:09 (730 turns).

arthad the Grasshopper (Naga Warper)                 Turns: 730, Time: 00:02:09

Health: 0/26       AC:  2    Str: 13    XL:     2   Next: 16%
Magic:  5/5        EV:  9    Int: 13    God:
Gold:   37         SH:  0    Dex: 10    Spells: 1/5 levels left

rFire    . . .     SeeInvis +   a - +0 hand axe
rCold    . . .     Gourm    .   (no shield)
rNeg     . . .     Faith    .   b - +0 leather armour
rPois    +         Spirit   .   (no helmet)
rElec    .         Reflect  .   (no cloak)
rCorr    .         Harm     .   (no gloves)
MR       .....                  (no barding)
Stlth    +.........             (no amulet)
HPRegen  0.08/turn              (no ring)
MPRegen  0.09/turn              (no ring)

@: short of breath, very slow
A: see invisible, deformed body, poison resistance, slowness 2, slow metabolism
1, spit poison 1, AC +0
a: Spit Poison


You were on level 1 of the Dungeon.
You were not hungry.

You visited 1 branch of the dungeon, and saw 2 of its levels.

You collected 37 gold pieces.

Inventory:

Hand Weapons
 a - a +0 hand axe (weapon)
Missiles
 e - 5 tomahawks of dispersal (quivered)
Armour
 b - a +0 leather armour (worn)
 i - a +0 buckler
Jewellery
 j - an uncursed ring of magical power {unknown}
Scrolls
 d - a scroll of blinking
 g - a scroll of enchant armour {unknown}
 l - a scroll of identify {unknown}
Potions
 h - a potion of heal wounds {unknown}
 k - a potion of haste {unknown}
Books
 c - a book of Spatial Translocations

   Spells                             Type                      Level
   a - Blink                          Translocation                2
   b - Shroud of Golubria             Charms/Translocation         2
   c - Lesser Beckoning               Translocation                3
   d - Gell's Gravitas                Translocation                3
   e - Teleport Other                 Translocation                3
   f - Passage of Golubria            Translocation                4
Comestibles
 f - a bread ration


   Skills:
 + Level 2.2 Fighting
 + Level 2.2 Axes
 - Level 0.8 Throwing
 - Level 0.7 Armour
 - Level 1.5 Dodging
 + Level 2.2 Spellcasting
 - Level 3.0 Translocations


You had one spell level left.
You knew the following spells:

 Your Spells              Type           Power        Failure   Level  Hunger
a - Blink                 Tloc           N/A          14%         2    ###....
b - Shroud of Golubria    Chrm/Tloc      #.........   26%         2    ###....


Dungeon Overview and Level Annotations

Branches:
Dungeon (2/15)

Altars:


Innate Abilities, Weirdness & Mutations

You cannot wear boots.
Your serpentine skin is tough. (AC +0)
You have supernaturally acute eyesight. (SInv)
Armour fits poorly on your strangely shaped body.
Your system is resistant to poisons. (rPois)
You cover ground very slowly.
You have a slow metabolism.
You can spit poison.


Message History

* * * LOW HITPOINT WARNING * * *
The hobgoblin barely misses you. The adder bites you.
* * * LOW HITPOINT WARNING * * *
The adder barely misses you. The hobgoblin completely misses you.
The adder closely misses you. The adder closely misses you.
The adder completely misses you. The adder misses you. The adder bites you.
* * * LOW HITPOINT WARNING * * *
Cast which spell? (? or * to list)
Okay, then.
Unknown command.
Press: ? - help, Shift-Dir - straight line, f - hobgoblin
Aim: a hobgoblin, wielding a club The splash of poison hits the adder.
The adder is poisoned.
The adder is almost dead.
You feel slightly more hungry. The adder bites you.
You die...

########## #.......# #.....
##........# ##.......# #.....
##........# #....##### #.....
..........# #..### #.....
##........# ##.## #.....
.#........###..### #.....
..............gg.# #..)..
###......##....#S# #.....
##........#.##@###########.#.##
#.........................#.#
####'############.....########.#
................##....# #.#
....<............#....# #.#
##.....#####.....#....########.#
.##...##...##....#...........#.#
..##+##..8..##...#...........#.#
.............##..#...#.......#.#


You could see an adder and a hobgoblin.

Vanquished Creatures
  A dart slug (D:1)
  A bat (D:1)
  A hobgoblin (D:1)
  A frilled lizard (D:1)
  3 goblins (D:1)
7 creatures vanquished.

Notes
Turn   | Place    | Note
-------+----------+-------------------------------------------
     0 | D:1      | arthad the Naga Warper began the quest for the Orb.
     0 | D:1      | Reached XP level 1. HP: 19/19 MP: 3/3
    87 | D:1      | Reached XP level 2. HP: 5/26 MP: 5/5
   347 | D:1      | Learned a level 2 spell: Blink
   350 | D:1      | Learned a level 2 spell: Shroud of Golubria
   730 | D:1      | Slain by an adder

Vault maps used:
D:1:      giann_horns, serial_bayou_crossing
D:2:      grunt_dithmenos_smoke

Action                   || total
-------------------------++-------
Melee: Hand axe          ||    26
 Abil: Spit Poison       ||     2
Armor: Leather armour    ||     6
Dodge: Dodged            ||    28

Table legend:
 A = Spawn XP
 B = Non-spawn XP
 C = Spawn XP percentage of total XP
 D = Spawn monster count
 E = Non-spawn monster count
 F = Spawn count percentage of total count
 G = Total turns spent on level
                    A         B        C        D         E        F      G
               +---------+---------+-------+---------+---------+-------+---------
         Total |       0 |      14 |   0.0 |       0 |       7 |   0.0 |   730
               +---------+---------+-------+---------+---------+-------+---------
           D:1 |       0 |      14 |   0.0 |       0 |       7 |   0.0 |   708
               +---------+---------+-------+---------+---------+-------+---------
